 Dungeon Crawl Stone Soup version 0.30.0-18-gc0e69614cb (webtiles) character file.

Game seed: 11240221921367128671

424 monsoonserge the Cudgeller (level 6, 0/61 HPs)
             Began as a Troll Berserker on May 23, 2023.
             Was a Believer of Trog.
             Killed by divine providence
             ... invoked by an orc priest
              (15 damage)
             ... on level 5 of the Dungeon.
             The game lasted 00:08:31 (4030 turns).

monsoonserge the Cudgeller (Troll Berserker)        Turns: 4030, Time: 00:08:31

Health: 0/61       AC:  4    Str: 28    XL:     6   Next: 64%
Magic:  0/5        EV: 15    Int:  3    God:    Trog [**....]
Gold:   202        SH:  0    Dex:  9    Spells: 5/5 levels left

rFire   . . .        r - +1 whip (venom)
rCold   + + .        (no shield)
rNeg    . . .        b - +0 animal skin
rPois   +            (helmet restricted)
rElec   .            (no cloak)
rCorr   .            (gloves unavailable)
SInv    .            (boots unavailable)
Will    .....        o - amulet of guardian spirit
Stlth   +            y - +5 ring of evasion
HPRegen 1.10/turn    v - ring of Qempuzoy {rPois rC++}
MPRegen 0.09/turn

%: guardian spirit
@: no status effects
A: large, unfitting armour, claws 3, regeneration 1, shaggy fur 1, tough skin 1
a: Renounce Religion, Berserk, Trog's Hand


You were on level 5 of the Dungeon.
You worshipped Trog.
Trog was pleased with you.
You visited 2 branches of the dungeon, and saw 6 of its levels.

You collected 202 gold pieces.

Inventory:

Hand Weapons
 r - a +1 whip of venom (weapon)
Missiles
 k - 4 curare-tipped darts
 q - 6 boomerangs (quivered)
 x - 3 poisoned darts
Armour
 b - a +0 animal skin (worn)
Jewellery
 o - an amulet of guardian spirit (around neck)
 v - the ring of Qempuzoy (right claw) {rPois rC++}
   (You found it on level 3 of the Dungeon)

   [ring of poison resistance]

   rC:        It greatly protects you from cold.
   rPois:     It protects you from poison.
 w - a +6 ring of dexterity
 y - a +5 ring of evasion (left claw)
Wands
 s - a wand of paralysis (13)
Scrolls
 a - a scroll of fear {unknown}
 d - a scroll of enchant weapon {unknown}
 h - 2 scrolls of noise {unknown}
 j - 6 scrolls of identify {unknown}
 l - 2 scrolls of teleportation {unknown}
 n - 2 scrolls of fog {unknown}
Potions
 c - 4 potions of curing {unknown}
 e - a potion of mutation {unknown}
 f - 2 potions of resistance {unknown}
 g - 2 potions of heal wounds {unknown}
 i - 2 potions of lignification {unknown}
 m - a potion of magic {unknown}
 t - a potion of invisibility {unknown}
 u - a potion of ambrosia {unknown}


   Skills:
 + Level 3.5 Fighting
 + Level 5.1 Maces & Flails
 + Level 3.7 Dodging
 + Level 0.5 Stealth


You had 5 spell levels left.
You didn't know any spells.
Your spell library contained the following spells:

 Spells                   Type           Power      Damage    Failure   Level
 Necrotise                Necr           0%         1d4       52%         1
 Vampiric Draining        Necr           0%         2d6       88%         3
 Agony                    Necr           0%         N/A       100%        5


Dungeon Overview and Level Annotations

Branches:
Dungeon (5/15)             Temple (1/1) D:4

Altars:
Ashenzari
Cheibriados
Dithmenos
Elyvilon
Fedhas
Hepliaklqana
Kikubaaqudgha
Makhleb
Nemelex Xobeh
Okawaru
Qazlal
Ru
Sif Muna
Trog
Uskayaw
Vehumet
Wu Jian
Xom
Zin
The Shining One


Innate Abilities, Weirdness & Mutations

You are too large for most types of armour.
You have claws for hands.
Your natural rate of healing is unusually fast.
You are covered in fur. (AC +1)
You have tough skin. (AC +1)


Message History

You hit the orc but do no damage. You barely miss the orc.
The adder closely misses you. The orc hits you with a +0 flail.
The orc hits you but does no damage.
You hit the adder.
The adder is poisoned.
The adder is lightly wounded.
The adder barely misses you. The orc hits you with a +0 hand axe.
The orc misses you.
The orc priest mumbles some strange prayers to Beogh against you.
Beogh smites you!
You hit the adder but do no damage.
The adder looks even sicker.
The adder is lightly wounded.
The adder closely misses you. The orc misses you.
The orc hits you with a +0 hand axe. The adder barely misses you.
You barely miss the adder.
The adder is heavily wounded.
The orc barely misses you. The orc hits you with a +0 flail.
The adder closely misses you.
You barely miss the orc. The adder barely misses you. The orc misses you.
You hit the orc but do no damage.
The orc is almost dead.
You kill the adder!
Trog accepts your kill. The orc hits you but does no damage.
The orc closely misses you.
You hit the orc but do no damage.
The orc is poisoned.
You kill the orc!
Trog accepts your kill. The orc priest barely misses you.
You barely miss the orc. The orc misses you.
The orc priest hits you from afar with the +8 trident of Untruth {protect, Will++}.
You hit the orc but do no damage.
The orc looks as sick as possible!
The orc hits you with a +0 flail. The orc priest closely misses you.
You completely miss the orc.
The orc is severely wounded.
The orc barely misses you.
The orc priest hits you from afar with the +8 trident of Untruth {protect, Will++}!
* * * LOW HITPOINT WARNING * * *
The orc completely misses you.
The orc priest calls down the wrath of Beogh upon you.
Beogh smites you!
You die...

.......
......
#....+
#....#
#....#
#....#
+..o.#
#.†@o#
#>)..##
#.....##
#......#
#...<..#
#.....##
#[...)#
#.......
#.........


You could see an orc priest and an orc (extremely poisoned).

Vanquished Creatures
  An ice beast (D:5)
  A scorpion (D:4)
  A gnoll bouda (D:4)
  An orc wizard (D:5)
  7 gnolls
  6 adders
  A shadow imp (D:4)
  A worm (D:2)
  4 dart slugs
  5 orcs
  6 ball pythons
  7 endoplasms
  3 giant cockroaches
  4 hobgoblins
  2 jackals (D:4)
  5 quokkas
  7 bats
  5 frilled lizards
  5 goblins
  10 kobolds
  6 rats
88 creatures vanquished.

Notes
Turn   | Place    | Note
-------+----------+-------------------------------------------
     0 | D:1      | monsoonserge the Troll Berserker began the quest for the
                  | Orb.
     0 | D:1      | Reached XP level 1. HP: 22/22 MP: 0/0
   207 | D:1      | Reached skill level 3 in Maces & Flails
   318 | D:1      | Reached XP level 2. HP: 29/29 MP: 1/1
   758 | D:2      | Reached XP level 3. HP: 27/36 MP: 2/2
  1040 | D:2      | Reached ** piety under Trog
  1179 | D:2      | Reached XP level 4. HP: 41/45 MP: 3/3
  1531 | D:3      | Reached skill level 4 in Maces & Flails
  1697 | D:3      | Reached XP level 5. HP: 53/53 MP: 4/4
  2034 | D:3      | Identified the ring of Qempuzoy {rPois rC++}
  2739 | D:4      | Found a staircase to the Ecumenical Temple.
  2745 | Temple   | Entered the Ecumenical Temple
  3656 | D:5      | Entered Level 5 of the Dungeon
  3684 | D:5      | Noticed an ice beast
  3817 | D:4      | Reached XP level 6. HP: 26/61 MP: 3/5
  4005 | D:5      | Killed an ice beast
  4006 | D:5      | Reached skill level 5 in Maces & Flails
  4017 | D:5      | Identified the +8 trident of Untruth {protect, Will++}
  4030 | D:5      | Killed from afar by an orc priest

Illustrated notes

Levels and vault maps discovered:
D:1:      psy_arrival_radial01, layout_basic, nrook_mini_vaults
D:2:      minmay_diamond_boxcup, layout_basic
D:3:      layout_loops_corners
D:4:      cheibrodos_quashed, layout_basic, minmay_temple_entry_hall
D:5:      layout_gridville, serial_rivers, chequers_serial_rivers_large_a,
          chequers_serial_rivers_room_a, chequers_serial_rivers_micro_d,
          chequers_serial_rivers_micro_e, chequers_serial_rivers_micro_c,
          gammafunk_ghost_icy, uniq_prince_ribbit1, uniq_edmund
Temple:   mainiacjoe_temple_cubbyholes

Skill      XL: |  1  2  3  4  5  6 |
---------------+-------------------+-----
Maces & Flails | 3 4 5 |  5.1
Fighting       | 3 |  3.5
Dodging        | 3 |  3.7
Stealth        | |  0.5

Action                     |  1- 3 |  4- 6 || total
---------------------------+-------+-------++-------
  Melee: Mace              |   139 |    54 ||   193
         Punch             |     1 |     2 ||     3
         Whip              |       |   140 ||   140
 Armour: Animal skin       |    77 |    46 ||   123
  Dodge: Dodged            |   105 |   134 ||   239
